 Dungeon Crawl Stone Soup version 0.18.1-8-gdd0e5ea (webtiles) character file.

501 Gargoyl the Covered (level 6, -2/49 HPs)
             Began as a Demonspawn Abyssal Knight on May 24, 2016.
             Was a Priest of Lugonu.
             Slain by a hound (4 damage)
             ... on level 4 of the Dungeon.
             The game lasted 00:07:48 (3453 turns).

Gargoyl the Covered (Demonspawn Abyssal Knight)     Turns: 3453, Time: 00:07:49

Health: -2/49      AC: 13    Str: 11 (14) XL:     6   Next: 95%
Magic:  8/8        EV:  5    Int: 13 (14) God:    Lugonu [***...]
Gold:   145        SH:  7    Dex: 15 (17) Spells: 0 memorised, 5 levels left

rFire  . . .     SeeInvis .     j - +0 war axe
rCold  . . .     Gourm    .     l - +0 plate armour
rNeg   . . .     Faith    .     f - +0 shield
rPois  .         Spirit   .     (helmet restricted)
rElec  .         Dismiss  .     (no cloak)
rCorr  .         Reflect  .     (no gloves)
SustAt .         Harm     .     (no boots)
MR     .....                    k - amulet of rage
Stlth  ..........               (no ring)
                                (no ring)

@: agile, lethally poisoned (-2 -> -11), not resistant to hostile enchantments,
extremely unstealthy
A: horns 2, molten scales 1
a: Depart the Abyss, Bend Space, Banish, Renounce Religion, Evoke Berserk Rage


You were on level 4 of the Dungeon.
You worshipped Lugonu.
Lugonu was most pleased with you.
You were not hungry.

You visited 1 branch of the dungeon, and saw 4 of its levels.
You visited the Abyss 1 time.

You collected 145 gold pieces.

Inventory:

Hand Weapons
 i - a +0 trident of piercing
 j - a +0 war axe (weapon)
Missiles
 a - 6 javelins (quivered)
Armour
 f - a +0 shield (worn)
 l - a +0 plate armour (worn)
Jewellery
 k - an amulet of rage (around neck)
Wands
 u - a wand of confusion (22/48)
Scrolls
 b - 2 scrolls of remove curse {unknown}
 d - 2 scrolls of teleportation {unknown}
 e - 9 scrolls of identify {unknown}
 g - a scroll of magic mapping {unknown}
 n - a scroll of amnesia {unknown}
 s - a scroll of immolation {unknown}
 t - a scroll of recharging {unknown}
Comestibles
 c - 2 bread rations
 q - a meat ration


   Skills:
 + Level 4.6 Fighting
 + Level 3.0 Axes
 * Level 5.1 Armour
 + Level 1.6 Dodging
 + Level 0.4 Stealth
 + Level 2.9 Invocations


You had 5 spell levels left.
You didn't know any spells.

Dungeon Overview and Level Annotations

Branches:
Dungeon (4/15)
 Temple: D:4-7

Altars:
Yredelemnul


Innate Abilities, Weirdness & Mutations

You have a pair of horns on your head.
You are partially covered in molten scales (AC +1).


Message History

Okay, then.
Unknown command.
Okay, then.
Eat which item? (? for menu, Esc to quit)
* * * LOW HITPOINT WARNING * * *
You feel sick. The hound bites you but does no damage.
The worker ant bites you but does no damage.
The hound bites you but does no damage.
The worker ant bites you but does no damage.
You continue eating.
* * * LOW HITPOINT WARNING * * *
You feel sick. The worker ant barely misses you.
The hound bites you but does no damage.
The worker ant bites you but does no damage. x2
You continue eating.
* * * LOW HITPOINT WARNING * * *
You feel sick. You block the hound's attack.
The worker ant bites you but does no damage.
The hound bites you.
You die...

#...##....###
............##### )
................#..
...............[...
#.................
...........#....
#.......a##
#......Zh@#
##......a......<#
#...............
##........#...... #
#......#######...
#. ###....### ..
#.#..[..## #
#......## #.....##


You could see a hound, 2 worker ants and an adder skeleton.

Vanquished Creatures
  Sigmund (D:2)
  Menkaure (D:4)
  2 orc priests (D:3)
  A worker ant (D:4)
  4 gnolls (D:4)
  5 adders
  3 worms
  A giant gecko (D:2)
  5 orcs (D:3)
  2 giant cockroaches
  6 goblins
  9 hobgoblins
  4 jackals (D:3)
  A ball python (D:2)
  4 bats
  3 giant newts
  A jackal skeleton (D:4)
  4 kobolds
  7 rats
  A spectral orc (D:3)
65 creatures vanquished.

Notes
Turn   | Place    | Note
--------------------------------------------------------------
     0 | Abyss:1  | Gargoyl the Demonspawn Abyssal Knight began the quest for the Orb.
     0 | Abyss:1  | Reached XP level 1. HP: 18/18 MP: 2/2
    73 | Abyss:2  | Noticed a neqoxec
    73 | Abyss:2  | Gained mutation: You regenerate slowly when monsters are visible. [a neqoxec]
    76 | Abyss:3  | Found a corrupted altar of Lugonu.
    76 | Abyss:3  | Noticed a smoke demon
    79 | Abyss:3  | Noticed a thrashing horror
    82 | D:1      | Escaped the Abyss
   145 | D:1      | Reached * piety under Lugonu
   145 | D:1      | Reached skill level 2 in Armour
   348 | D:1      | Gained mutation: You have a pair of small horns on your head. [demonic ancestry]
   348 | D:1      | Reached XP level 2. HP: 22/24 MP: 3/3
   592 | D:2      | Reached skill level 1 in Dodging
  1166 | D:2      | Noticed Sigmund
  1175 | D:2      | Killed Sigmund
  1175 | D:2      | Reached skill level 3 in Armour
  1175 | D:2      | Reached XP level 3. HP: 13/30 MP: 3/5
  1175 | D:2      | Gained mutation: You have a pair of horns on your head. [demonic ancestry]
  1175 | D:2      | Reached XP level 4. HP: 16/37 MP: 3/6
  1175 | D:2      | Gained mutation: You are partially covered in molten scales (AC +1). [demonic ancestry]
  1175 | D:2      | Reached XP level 5. HP: 18/42 MP: 3/7
  1456 | D:2      | Reached ** piety under Lugonu
  1934 | D:3      | Reached skill level 4 in Armour
  2483 | D:3      | Found a basalt altar of Yredelemnul.
  2588 | D:3      | Reached XP level 6. HP: 16/48 MP: 8/8
  2911 | D:4      | Noticed Menkaure
  2921 | D:4      | Killed Menkaure
  3204 | D:4      | Reached skill level 5 in Armour
  3433 | D:4      | Reached *** piety under Lugonu
  3449 | D:4      | Lost mutation: You regenerate slowly when monsters are visible. [potion of cure mutation]
  3453 | D:4      | HP: 2/49 [poisoned by a worker ant]
  3453 | D:4      | Slain by a hound

Skill      XL: |  1  2  3  4  5  6 |
---------------+-------------------+-----
Armour         | 2 3 4 5 |  5.1
Axes           | 2 3 |  3.0
Dodging        | 1 |  1.6
Fighting       | 4 |  4.6
Stealth        | |  0.4
Invocations    | |  2.9

Action                   |  1- 3 |  4- 6 || total
-------------------------+-------+-------++-------
Melee: Hand axe          |    67 |    30 ||    97
       Headbutt          |     1 |    21 ||    22
       War axe           |       |    84 ||    84
Invok: Depart the Abyss  |     1 |       ||     1
 Abil: Evoke Berserk Rag |       |     1 ||     1
  Use: Potion            |     1 |     8 ||     9
  Eat: Chunk             |     1 |     7 ||     8
       Meat ration       |       |     1 ||     1
       Fruit             |       |     1 ||     1
Armor: Scale mail        |    31 |     5 ||    36
       Plate armour      |       |   124 ||   124
Dodge: Dodged            |    32 |    44 ||    76
Block: Shield            |       |    21 ||    21
